[Event "Irish Championship 2026"]
[Site "Talbot Hotel Stillorgan, Co.Dublin, IE"]
[Date "2026.08.01"]
[Round "1"]
[White "Jessel, Stephen"]
[Black "Landmark, Gabriel"]
[Result "1-0"]
[Board "61"]
[TimeControl "40/5400+30:1800+30"]
[WhiteFideId "628859"]
[BlackFideId "2524848"]
[WhiteElo "2364"]
[BlackElo "1999"]
[WhiteTitle "FM"]
[WhiteClock "0:00:50"]
[BlackClock "0:06:08"]
[Variant "Standard"]
[EndDate "2026.08.01"]
[EndTime "19:10:44"]

1. Nf3 Nf6 2. c4 e6 3. g3 Be7 4. Bg2 O-O 5. O-O d5 6. b3 d4 7. e3 c5 8. exd4 cxd4 9. Re1 Nc6 10. d3 a5 11. Na3 Nd7 12. Nb5 e5 13. a3 f6 14. Nh4 Nc5 15. Bd5+ Be6 16. Nf5 Kh8 17. Bxe6 Nxe6 18. Rb1 Qd7 19. b4 axb4 20. Nxe7 Qxe7 21. axb4 Nc7 22. Nxc7 Qxc7 23. b5 Nd8 24. Bd2 Ne6 25. Bb4 Nc5 26. Qf3 Rab8 27. Ra1 b6 28. Bxc5 Qxc5 29. Ra7 Rfc8 30. Rea1 Rc7 31. Ra8 Rbc8 32. Rxc8+ Rxc8 33. Ra7 h6 34. Qb7 Rg8 35. Qe7 Qxe7 36. Rxe7 Ra8 37. Rb7 Ra3 38. Rxb6 Rxd3 39. Rb8+ Kh7 40. b6 Rb3 41. c5 d3 42. Rd8 e4 43. c6 d2 44. Rxd2 Rxb6 45. Rc2 Rb8 46. c7 Rc8 47. Kf1 Kg6 48. Ke2 Kf5 49. Ke3 Ke5 50. h4 f5 51. h5 Kf6 52. Kf4 Ke6 53. Rc1 Kd7 54. Kxf5 Rf8+ 55. Kxe4 Kc8 56. f4 Rf7 57. g4 Rf6 58. Rc5 Rf7 59. g5 hxg5 60. fxg5 Rf1 61. Rc6 Rf7 62. Ke5 Rf1 63. Ke6 Rh1 64. Kf7 Rxh5 65. g6 Kd7 66. c8=Q# 1-0

[Event "Irish Championship 2026"]
[Site "Talbot Hotel Stillorgan, Co.Dublin, IE"]
[Date "2026.08.01"]
[Round "1"]
[White "O'Connell, Gerard"]
[Black "Collins, Adam"]
[Result "0-1"]
[Board "62"]
[TimeControl "40/5400+30:1800+30"]
[WhiteFideId "2500493"]
[BlackFideId "2512300"]
[WhiteElo "1996"]
[BlackElo "2340"]
[BlackTitle "FM"]
[WhiteClock "0:17:33"]
[BlackClock "0:57:57"]
[Variant "Standard"]
[EndDate "2026.08.01"]
[EndTime "18:55:10"]

1. d4 d5 2. Nf3 Nf6 3. g3 Bf5 4. Bg2 c6 5. O-O Nbd7 6. c4 e6 7. Nc3 dxc4 8. Nd2 Nb6 9. e3 Bb4 10. h3 Bd3 11. Re1 Nfd5 12. Nxd5 cxd5 13. a3 Be7 14. Nf3 Nd7 15. Bd2 O-O 16. Bc3 b5 17. b4 Be4 18. Ne5 Bxg2 19. Kxg2 Nb6 20. h4 Qc7 21. h5 Na4 22. Qc2 f6 23. Nf3 Qc6 24. Kg1 Bd6 25. h6 g6 26. Rac1 a5 27. Ra1 Qc7 28. Kg2 Nxc3 29. Qxc3 axb4 30. axb4 Qe7 0-1

[Event "Irish Championship 2026"]
[Site "Talbot Hotel Stillorgan, Co.Dublin, IE"]
[Date "2026.08.01"]
[Round "1"]
[White "Braine, Harry"]
[Black "Brozynski, Patryk"]
[Result "1-0"]
[Board "66"]
[TimeControl "40/5400+30:1800+30"]
[WhiteFideId "2518570"]
[BlackFideId "2512700"]
[WhiteElo "1948"]
[BlackElo "2224"]
[BlackTitle "CM"]
[WhiteClock "0:45:38"]
[BlackClock "0:13:13"]
[Variant "Standard"]
[EndDate "2026.08.01"]
[EndTime "18:58:55"]

1. e4 c5 2. Nf3 e6 3. d4 cxd4 4. Nxd4 Nc6 5. Nc3 Qc7 6. Be3 a6 7. Qd2 Nf6 8. f4 Bb4 9. Bd3 Na5 10. e5 Nd5 11. O-O Nc4 12. Nxd5 exd5 13. Qxb4 Nxe3 14. Rf3 Nc4 15. Nf5 Qb6+ 16. Qxb6 Nxb6 17. Nxg7+ Kf8 18. Nf5 Na4 19. b3 Nc5 20. Nd6 b6 21. Bf5 Bb7 22. b4 d4 23. Rf2 1-0

[Event "Irish Championship 2026"]
[Site "Talbot Hotel Stillorgan, Co.Dublin, IE"]
[Date "2026.08.01"]
[Round "1"]
[White "Daly, Colm"]
[Black "Nichenametla V, Advaith"]
[Result "1/2-1/2"]
[Board "67"]
[TimeControl "40/5400+30:1800+30"]
[WhiteFideId "2500434"]
[BlackFideId "2516896"]
[WhiteElo "2182"]
[BlackElo "1943"]
[WhiteTitle "FM"]
[WhiteClock "0:05:45"]
[BlackClock "0:57:38"]
[Variant "Standard"]
[EndDate "2026.08.01"]
[EndTime "18:55:04"]

1. Nf3 d5 2. b3 Nf6 3. Bb2 e6 4. c4 Be7 5. g3 Nbd7 6. Bg2 O-O 7. O-O b6 8. cxd5 exd5 9. Nc3 Bb7 10. Rc1 c5 11. d4 Rc8 12. dxc5 bxc5 13. Nh4 Nb6 14. Nf5 Re8 15. Nxe7+ Qxe7 16. Ba3 d4 17. Bxb7 Qxb7 18. Nb1 Nbd7 19. Re1 Ne4 20. f3 Nef6 21. Rc2 Nd5 22. Bc1 N7f6 23. Bd2 Ne3 24. Bxe3 Rxe3 25. Qc1 Nd7 26. Nd2 Rce8 27. Nc4 R3e6 28. Kf2 Qd5 29. Rd2 Ne5 30. e4 Qd8 31. Nxe5 Rxe5 32. Rdd1 Qc8 33. g4 Qa6 34. Qd2 Qf6 35. Kg3 h5 36. h3 Qd6 37. Kg2 h4 38. Qf2 g5 39. Rc1 R8e6 40. Red1 Rf6 41. b4 Qe6 42. Rxc5 Rxe4 43. Rxg5+ Kf8 44. Rd2 Re3 45. Qxh4 Rfxf3 46. Rf5 Re2+ 47. Rxe2 Qxe2+ 48. Kg1 Qf1+ 49. Kh2 Qe2+ 50. Kg1 Qf1+ 51. Kh2 1/2-1/2

[Event "Irish Championship 2026"]
[Site "Talbot Hotel Stillorgan, Co.Dublin, IE"]
[Date "2026.08.01"]
[Round "1"]
[White "Healy, John"]
[Black "Arun, Nitish"]
[Result "0-1"]
[Board "68"]
[TimeControl "40/5400+30:1800+30"]
[WhiteFideId "2500965"]
[BlackFideId "2524201"]
[WhiteElo "1928"]
[BlackElo "2175"]
[BlackTitle "CM"]
[WhiteClock "0:33:44"]
[BlackClock "0:02:27"]
[Variant "Standard"]
[EndDate "2026.08.01"]
[EndTime "18:58:55"]

1. b4 d5 2. Bb2 Nf6 3. Nf3 Bf5 4. e3 e6 5. b5 Nbd7 6. c4 Bd6 7. Nc3 O-O 8. Be2 dxc4 9. Bxc4 Nc5 10. d4 Nce4 11. O-O Nxc3 12. Bxc3 Ne4 13. Bb2 Qf6 14. Ne5 Qh6 15. f4 Bxe5 16. dxe5 Rfd8 17. Bd4 c5 18. bxc6 bxc6 19. Qc1 Qg6 20. Rd1 Bg4 21. Re1 c5 22. Bc3 h5 23. Ba5 Bf3 24. Bf1 Rd5 25. Qb2 c4 26. Kh1 Rxa5 27. gxf3 c3 28. Qg2 Qxg2+ 29. Kxg2 Nd2 30. Rec1 Ra3 31. Rc2 Rb8 32. Bd3 Rb2 33. Rac1 Raxa2 34. Rxb2 Rxb2 35. Rc2 Nc4 0-1

[Event "Irish Championship 2026"]
[Site "Talbot Hotel Stillorgan, Co.Dublin, IE"]
[Date "2026.08.01"]
[Round "1"]
[White "Melaugh, Shane"]
[Black "OBrien, James Joseph"]
[Result "1-0"]
[Board "71"]
[TimeControl "40/5400+30:1800+30"]
[WhiteFideId "2509580"]
[BlackFideId "2518813"]
[WhiteElo "2157"]
[BlackElo "1914"]
[WhiteTitle "FM"]
[WhiteClock "0:25:47"]
[BlackClock "0:01:10"]
[Variant "Standard"]
[EndDate "2026.08.01"]
[EndTime "18:54:59"]

1. c4 c5 2. Nc3 Nc6 3. e4 g6 4. Nge2 Bg7 5. g3 d6 6. Bg2 e6 7. d3 Nge7 8. Be3 Nd4 9. h4 Nec6 10. h5 Bd7 11. Nf4 a6 12. O-O b5 13. h6 Bf6 14. Nh3 b4 15. Ne2 e5 16. Nxd4 Nxd4 17. f4 Bc6 18. Qd2 Qd7 19. Bxd4 exd4 20. Nf2 Be7 21. Rae1 O-O-O 22. Bh3 f5 23. a3 a5 24. axb4 axb4 25. Qe2 Rde8 26. exf5 gxf5 27. Qh5 Rhf8 28. Ne4 Kb7 29. Ng5 Bxg5 30. fxg5 Rxe1 31. Rxe1 Qf7 32. Qxf7+ Rxf7 33. Re6 d5 34. Bg2 Rd7 35. g6 hxg6 36. Rxg6 1-0

[Event "Irish Championship 2026"]
[Site "Talbot Hotel Stillorgan, Co.Dublin, IE"]
[Date "2026.08.01"]
[Round "1"]
[White "Woods, Yannick"]
[Black "Fitzgerald, Niall"]
[Result "1-0"]
[Board "73"]
[TimeControl "40/5400+30:1800+30"]
[WhiteFideId "2518384"]
[BlackFideId "2511185"]
[WhiteElo "2118"]
[BlackElo "1894"]
[WhiteClock "0:09:22"]
[BlackClock "0:00:41"]
[Variant "Standard"]
[EndDate "2026.08.01"]
[EndTime "18:55:11"]

1. d4 d5 2. c4 e6 3. Nc3 Nf6 4. cxd5 exd5 5. Bg5 Be7 6. e3 c6 7. Bd3 Nbd7 8. Qc2 h6 9. Bh4 Nh5 10. Bxe7 Qxe7 11. O-O-O Nb6 12. Nge2 Be6 13. f3 Qg5 14. f4 Qxg2 15. f5 Bd7 16. Rhg1 Qf3 17. Ng3 O-O-O 18. Kb1 Nxg3 19. Rxg3 Qh5 20. Rdg1 Rhe8 21. Qf2 Nc4 22. Bxc4 dxc4 23. e4 Qh4 24. Rf3 Qxf2 25. Rxf2 b5 26. Rf4 Rg8 27. Kc1 Rdf8 28. e5 Re8 29. Ne4 Kc7 30. Kd2 a5 31. a3 Rd8 32. Ng3 Kb6 33. Nh5 g5 34. Rf2 Bc8 35. Ke3 c5 36. Rd1 cxd4+ 37. Rxd4 Rxd4 38. Kxd4 Rd8+ 39. Kc3 Rd3+ 40. Kc2 Re3 41. e6 f6 42. Nxf6 Kc5 43. Ng4 Re4 44. Nxh6 b4 45. Nf7 Rf4 46. Rd2 Rxf5 47. e7 Rf1 48. Rd5+ Kxd5 49. e8=Q Rf2+ 50. Kc1 Rf1+ 51. Kd2 Be6 52. Qb5+ 1-0

[Event "Irish Championship 2026"]
[Site "Talbot Hotel Stillorgan, Co.Dublin, IE"]
[Date "2026.08.01"]
[Round "1"]
[White "Fox, Anthony"]
[Black "Murray, Benjamin"]
[Result "1-0"]
[Board "78"]
[TimeControl "40/5400+30:1800+30"]
[WhiteFideId "2500736"]
[BlackFideId "2512963"]
[WhiteElo "1876"]
[BlackElo "2080"]
[WhiteClock "0:13:05"]
[BlackClock "0:07:31"]
[Variant "Standard"]
[EndDate "2026.08.01"]
[EndTime "19:13:37"]

1. e4 e6 2. d4 d5 3. exd5 exd5 4. Nf3 Nf6 5. Bd3 c5 6. O-O c4 7. Re1+ Be7 8. Bf1 O-O 9. b3 cxb3 10. axb3 Nc6 11. Bd3 Bg4 12. c3 Re8 13. h3 Bh5 14. Bf4 Bd6 15. Rxe8+ Nxe8 16. Bxd6 Nxd6 17. Nbd2 Qf6 18. Qc2 h6 19. Re1 Rc8 20. Qb1 Ne7 21. c4 Bg6 22. Ne5 Ndf5 23. Ndf3 Rd8 24. c5 Nh4 25. Nxh4 Bxd3 26. Qxd3 Qxh4 27. b4 Qf6 28. b5 Ng6 29. Nxg6 fxg6 30. Re5 Qf7 31. Qe3 Rd7 32. Re8+ Kh7 33. Qe6 Qxe6 34. Rxe6 Kg8 35. Rxg6 Kf7 36. Rg3 a6 37. Ra3 axb5 38. Rb3 Kf6 39. Rxb5 Kf5 40. f3 h5 41. h4 g5 42. hxg5 Kxg5 43. g3 h4 44. gxh4+ Kxh4 45. Kf2 Kg5 46. Rb1 Rh7 47. Rg1+ Kf5 48. Rg8 Rh2+ 49. Ke3 Rb2 50. Rf8+ Ke6 51. Re8+ Kd7 52. Re5 Rb3+ 53. Ke2 Rb2+ 54. Kd3 Rb3+ 55. Ke2 Rb2+ 56. Ke3 Rb3+ 57. Kf4 Kc6 58. Re3 Rb4 59. Ke5 b6 60. cxb6 Rxb6 61. Rc3+ Kd7 62. Kxd5 Rd6+ 63. Ke4 Re6+ 64. Kf5 Rd6 65. Rc4 Ke7 66. f4 Rf6+ 67. Kg5 Rd6 68. Ra4 Kf7 69. Ra7+ Kf8 70. Ra4 Kf7 71. f5 Rd7 72. Kf4 Ke7 73. Ke5 Rb7 74. d5 Rb1 75. Ra7+ Kd8 76. f6 Ke8 77. Ke6 Re1+ 78. Kd6 Rd1 79. Re7+ Kd8 80. Re5 Rf1 81. Ke6 Ke8 82. d6 Rf2 83. d7+ Kd8 84. f7 Rf1 85. Rf5 1-0

[Event "Irish Championship 2026"]
[Site "Talbot Hotel Stillorgan, Co.Dublin, IE"]
[Date "2026.08.01"]
[Round "1"]
[White "Hayes, Peter J."]
[Black "Moull, Arthur"]
[Result "1-0"]
[Board "79"]
[TimeControl "40/5400+30:1800+30"]
[WhiteFideId "2502569"]
[BlackFideId "2517426"]
[WhiteElo "2073"]
[BlackElo "1876"]
[WhiteClock "1:30:30"]
[BlackClock "0:06:59"]
[Variant "Standard"]
[EndDate "2026.08.01"]
[EndTime "18:55:01"]

1. d4 d5 2. c4 dxc4 3. e4 b5 4. a4 c6 5. axb5 cxb5 6. Nc3 Qb6 7. Qh5 Bd7 8. Nf3 Nf6 9. Qh4 e6 10. Bg5 Be7 11. e5 Ng8 12. Be2 Nc6 13. O-O Nh6 14. d5 Nf5 15. Qe4 Bxg5 16. Nxg5 exd5 17. Nxd5 Qd8 18. e6 fxe6 19. Nxe6 Bxe6 20. Qxe6+ Nce7 21. Nf6+ Kf8 22. Rad1 Qc8 23. Nd7+ Ke8 24. Bf3 h5 25. Rfe1 1-0

[Event "Irish Championship 2026"]
[Site "Talbot Hotel Stillorgan, Co.Dublin, IE"]
[Date "2026.08.01"]
[Round "1"]
[White "Voogt, Declan"]
[Black "Freeman, Gordon"]
[Result "1-0"]
[Board "80"]
[TimeControl "40/5400+30:1800+30"]
[WhiteFideId "2517388"]
[BlackFideId "2501309"]
[WhiteElo "1849"]
[BlackElo "2068"]
[BlackTitle "FM"]
[WhiteClock "0:38:00"]
[BlackClock "0:26:43"]
[Variant "Standard"]
[EndDate "2026.08.01"]
[EndTime "18:55:04"]

1. d4 d5 2. c4 c6 3. Nf3 Nf6 4. g3 Bf5 5. Bg2 e6 6. Nc3 h6 7. Qb3 Qb6 8. c5 Qxb3 9. axb3 Be7 10. b4 O-O 11. b5 cxb5 12. Nxb5 Nc6 13. Bf4 Be4 14. Ra4 a6 15. Nc3 Bxf3 16. Bxf3 Nd7 17. e3 g5 18. Bc7 Rfc8 19. Ba5 Nxa5 20. Rxa5 b6 21. cxb6 Nxb6 22. Be2 Bb4 23. Ra2 a5 24. Kd2 a4 25. Rc1 Ba5 26. Kd1 Bxc3 27. bxc3 Nc4 28. Kc2 Nd6 29. Bd3 Rc7 30. Rb1 Rac8 31. Ra3 f5 32. Rb6 Ne4 33. Bxe4 fxe4 34. Kd2 Rf8 35. Ke1 Kf7 36. Rxa4 Rxc3 37. Ra7+ Kf6 38. Rh7 Rfc8 39. Kf1 Kg6 40. Re7 R8c6 41. Rxe6+ Rxe6 42. Rxe6+ Kh5 43. h3 g4 44. Re5+ 1-0

[Event "Irish Championship 2026"]
[Site "Talbot Hotel Stillorgan, Co.Dublin, IE"]
[Date "2026.08.01"]
[Round "1"]
[White "Paibir, Atharva"]
[Black "Rai, Oleksii"]
[Result "1-0"]
[Board "81"]
[TimeControl "40/5400+30:1800+30"]
[WhiteFideId "2512882"]
[BlackFideId "2531526"]
[WhiteElo "2067"]
[BlackElo "1840"]
[WhiteClock "0:08:27"]
[BlackClock "0:06:08"]
[Variant "Standard"]
[EndDate "2026.08.01"]
[EndTime "18:55:01"]

1. e4 c5 2. Nf3 d6 3. d4 cxd4 4. Nxd4 Nf6 5. Nc3 Nc6 6. Bg5 e6 7. Qd2 Be7 8. O-O-O O-O 9. f4 a6 10. Nxc6 bxc6 11. e5 dxe5 12. fxe5 Nd5 13. Bxe7 Qxe7 14. Ne4 a5 15. Qd4 Qa7 16. Nc5 f6 17. exf6 Rxf6 18. Ne4 Qxd4 19. Rxd4 Rf4 20. g3 Rf8 21. Bc4 Ra7 22. Re1 Re7 23. Nd6 Rd8 24. Nxc8 Rxc8 25. Bxd5 cxd5 26. Rxd5 Rxc2+ 27. Kxc2 Rc7+ 28. Kd3 exd5 29. Re5 Rb7 30. b3 a4 31. Kc3 axb3 32. axb3 Rd7 33. b4 Rc7+ 34. Kb3 Rd7 35. Rf5 d4 36. Rf2 d3 37. Kc3 h5 38. Rd2 Rc7+ 39. Kb3 Rd7 40. Kc4 Rc7+ 41. Kxd3 Kf7 42. Re2 Kf6 43. Kd4 Rc1 44. b5 Rb1 45. Kc5 Kf5 46. b6 g5 47. Kc6 Kg4 48. Rc2 h4 49. gxh4 gxh4 50. b7 1-0

[Event "Irish Championship 2026"]
[Site "Talbot Hotel Stillorgan, Co.Dublin, IE"]
[Date "2026.08.01"]
[Round "1"]
[White "Mulukutla, Ayaansh"]
[Black "Bartczak, Korneliusz"]
[Result "1/2-1/2"]
[Board "82"]
[TimeControl "40/5400+30:1800+30"]
[WhiteFideId "33391998"]
[BlackFideId "2523558"]
[WhiteElo "1839"]
[BlackElo "2062"]
[WhiteClock "0:04:01"]
[BlackClock "0:01:09"]
[Variant "Standard"]
[EndDate "2026.08.01"]
[EndTime "18:55:07"]

1. d4 d5 2. c4 c6 3. Nc3 Nf6 4. Nf3 e6 5. Bg5 h6 6. Bh4 Bd6 7. e3 Nbd7 8. Be2 O-O 9. O-O Re8 10. Rc1 Qe7 11. e4 dxe4 12. Nxe4 Bf4 13. Rc3 g5 14. Nxf6+ Qxf6 15. Bg3 c5 16. Re1 Bxg3 17. hxg3 b6 18. Bf1 cxd4 19. Nxd4 Bb7 20. Nb5 Nc5 21. Qc2 Qe7 22. b4 Na6 23. a3 Nc7 24. Nd4 Rad8 25. Nb3 e5 26. Rce3 f6 27. Bd3 Ne6 28. Qc3 Qd6 29. Bg6 Re7 30. Rd3 Qc7 31. Red1 Rc8 1/2-1/2

[Event "Irish Championship 2026"]
[Site "Talbot Hotel Stillorgan, Co.Dublin, IE"]
[Date "2026.08.01"]
[Round "1"]
[White "Hughes, Padraig"]
[Black "Biswal, Saiansh"]
[Result "1-0"]
[Board "83"]
[TimeControl "40/5400+30:1800+30"]
[WhiteFideId "2505690"]
[BlackFideId "2518155"]
[WhiteElo "2022"]
[BlackElo "1824"]
[WhiteClock "0:02:00"]
[BlackClock "0:02:41"]
[Variant "Standard"]
[EndDate "2026.08.01"]
[EndTime "19:19:21"]

1. e4 c6 2. d4 d5 3. Nc3 dxe4 4. Nge2 Nf6 5. Ng3 g6 6. Ncxe4 Bg7 7. Nxf6+ exf6 8. Bc4 O-O 9. O-O Nd7 10. h4 Nb6 11. Bb3 f5 12. Bg5 Qxd4 13. Qxd4 Bxd4 14. c3 Bg7 15. Rfe1 Bd7 16. Rad1 Rfe8 17. Re7 Rxe7 18. Bxe7 Re8 19. Bc5 Bc8 20. a4 Bf8 21. Be3 c5 22. a5 Nd7 23. Ba4 Re7 24. Bg5 f6 25. Bf4 Ne5 26. Rd8 Be6 27. Bh6 Rf7 28. Rb8 Bd5 29. Rc8 b6 30. axb6 axb6 31. f3 Bc4 32. b4 b5 33. Bc2 Be6 34. Rxf8+ Rxf8 35. Bxf8 Kxf8 36. bxc5 Nd7 37. c6 Nb8 38. Bb3 Bc8 39. Bd5 Ke7 40. Kf2 Kd6 41. Bg8 h6 42. Bh7 Nxc6 43. Bxg6 Ne7 44. Be8 Bd7 45. Bxd7 Kxd7 46. Ke3 Ke6 47. Nh5 Ke5 48. f4+ Ke6 49. Kd4 Kf7 50. Ng3 Ng6 51. Nxf5 Nxf4 52. g3 Ne2+ 53. Kd3 Nxc3 54. Kxc3 Kg6 55. Ne3 f5 56. Kd4 Kf6 57. Nd5+ Kg6 58. Ke5 b4 59. Nxb4 Kh5 60. Nd5 Kg4 61. Ne3+ Kxg3 62. Nxf5+ Kg4 63. Kf6 Kh5 64. Ke5 Kg4 65. Ke6 Kh5 66. Kf6 Kg4 67. Kg6 h5 68. Kf6 Kf4 69. Ke6 Kf3 70. Ke5 Kg4 71. Ke4 Kh3 72. Kf4 Kh2 73. Kg5 1-0

[Event "Irish Championship 2026"]
[Site "Talbot Hotel Stillorgan, Co.Dublin, IE"]
[Date "2026.08.02"]
[Round "2"]
[White "Hushpit, Lukian"]
[Black "Jessel, Stephen"]
[Result "1-0"]
[Board "61"]
[TimeControl "40/5400+30:1800+30"]
[WhiteFideId "14189208"]
[BlackFideId "628859"]
[WhiteElo "2088"]
[BlackElo "2364"]
[BlackTitle "FM"]
[WhiteClock "0:56:41"]
[BlackClock "0:01:13"]
[Variant "Standard"]
[EndDate "2026.08.02"]
[EndTime "18:11:24"]

1. e4 e6 2. d4 d5 3. exd5 exd5 4. Bd3 c5 5. dxc5 Bxc5 6. Nf3 Nf6 7. O-O O-O 8. Re1 Qb6 9. Qd2 Bg4 10. Ne5 Nc6 11. Nxc6 bxc6 12. h3 Rfe8 13. Rf1 Be2 14. Bxe2 Ne4 15. Qf4 Nxf2 16. Qf3 Rxe2 17. Qxe2 Ne4+ 18. Kh2 Bd6+ 19. Bf4 Bxf4+ 20. Rxf4 Qxb2 21. Nd2 Qxa1 22. Nxe4 Qe5 23. Qf3 dxe4 24. Qxe4 Qc7 25. g3 Rd8 26. Rf2 g6 27. Qc4 h5 28. h4 c5 29. c3 Kg7 30. a4 Rd1 31. Qe2 Ra1 32. Qe4 Qd7 33. Qe5+ Kh7 34. c4 Rxa4 35. Qxc5 Qe6 36. Qf8 f5 37. Rb2 Qd7 38. Qb8 Rxc4 39. Rb7 Rc2+ 40. Kh3 Rd2 41. Qc8 Qxb7 42. Qxb7+ Kh6 43. Qc8 Kh7 44. Qc7+ Kg8 45. Qxa7 Rb2 46. Qe7 Rd2 47. Qf6 Kh7 48. Qf7+ Kh6 49. Qg8 Rd7 50. Kg2 Rg7 51. Qf8 Kh7 52. Kf3 Rg8 53. Qf6 Ra8 54. Qc6 Ra7 55. Kf4 Kh6 56. Qe8 Rb7 57. Qh8+ Rh7 58. Qf8+ Rg7 59. Ke5 Kh7 60. Kf6 Ra7 61. Kg5 Rg7 62. Qd6 Rg8 63. Qe7+ Rg7 64. Qf8 Ra7 65. Qh6+ Kg8 66. Qxg6+ Rg7 67. Kxh5 1-0

[Event "Irish Championship 2026"]
[Site "Talbot Hotel Stillorgan, Co.Dublin, IE"]
[Date "2026.08.02"]
[Round "2"]
[White "Hayes, Peter J."]
[Black "Venkatesan, Kavin"]
[Result "0-1"]
[Board "63"]
[TimeControl "40/5400+30:1800+30"]
[WhiteFideId "2502569"]
[BlackFideId "2512602"]
[WhiteElo "2073"]
[BlackElo "2297"]
[BlackTitle "FM"]
[WhiteClock "0:00:31"]
[BlackClock "0:01:54"]
[Variant "Standard"]
[EndDate "2026.08.02"]
[EndTime "17:53:24"]

1. d4 Nf6 2. c4 e6 3. Nc3 Bb4 4. Nf3 Bxc3+ 5. bxc3 d6 6. e3 Qe7 7. Ba3 Nbd7 8. Bd3 c5 9. Qc2 e5 10. Ng5 h6 11. Ne4 O-O 12. O-O Nxe4 13. Bxe4 Nb6 14. dxc5 dxc5 15. Bd5 Nxd5 16. cxd5 b6 17. c4 f5 18. Bb2 e4 19. Qc3 Bd7 20. a4 Rf7 21. g3 Re8 22. Rfe1 Qd6 23. Ra3 Kh7 24. Raa1 Kg8 25. Ra2 Kh7 26. Raa1 g5 27. Ra3 Qg6 28. a5 f4 29. exf4 gxf4 30. axb6 axb6 31. Ra6 e3 32. Rf1 Bh3 0-1

[Event "Irish Championship 2026"]
[Site "Talbot Hotel Stillorgan, Co.Dublin, IE"]
[Date "2026.08.02"]
[Round "2"]
[White "Arun, Nitish"]
[Black "Hughes, Padraig"]
[Result "1/2-1/2"]
[Board "66"]
[TimeControl "40/5400+30:1800+30"]
[WhiteFideId "2524201"]
[BlackFideId "2505690"]
[WhiteElo "2175"]
[BlackElo "2022"]
[WhiteTitle "CM"]
[WhiteClock "0:34:55"]
[BlackClock "0:28:09"]
[Variant "Standard"]
[EndDate "2026.08.02"]
[EndTime "17:55:32"]

1. d4 Nf6 2. c4 e6 3. Nc3 d5 4. Nf3 c5 5. cxd5 Nxd5 6. e4 Nxc3 7. bxc3 cxd4 8. cxd4 Bb4+ 9. Bd2 Bxd2+ 10. Qxd2 O-O 11. Be2 Nc6 12. O-O Qd6 13. Rfd1 Rd8 14. Rac1 h6 15. Qe3 Bd7 16. Bd3 Rac8 17. Bb1 Ne7 18. h3 Qb4 19. Rxc8 Rxc8 20. d5 exd5 21. exd5 Nxd5 22. Qe4 Qxe4 23. Bxe4 Nc3 24. Rxd7 Nxe4 25. Rxb7 Rc1+ 26. Kh2 Nxf2 27. Rxa7 g5 28. Nd4 h5 29. g3 Rc4 30. Kg2 Nxh3 31. Kxh3 Rxd4 32. Ra5 Rg4 33. a4 Kg7 34. Ra8 Rb4 35. Kg2 h4 36. gxh4 Rxh4 37. a5 Ra4 38. Ra6 f6 39. Ra8 Kg6 40. a6 g4 41. a7 Kf5 42. Kg3 Ra3+ 43. Kg2 Kf4 44. Rf8 Ra2+ 45. Kg1 Rxa7 46. Rxf6+ Kg3 47. Rf1 Ra2 48. Rb1 Kh3 49. Rb3+ g3 50. Rb1 Rg2+ 51. Kh1 Rd2 52. Kg1 Ra2 53. Rc1 Rd2 54. Ra1 Rc2 1/2-1/2

[Event "Irish Championship 2026"]
[Site "Talbot Hotel Stillorgan, Co.Dublin, IE"]
[Date "2026.08.02"]
[Round "2"]
[White "Ryan, Joshua"]
[Black "Melaugh, Shane"]
[Result "0-1"]
[Board "69"]
[TimeControl "40/5400+30:1800+30"]
[WhiteFideId "2516705"]
[BlackFideId "2509580"]
[WhiteElo "1866"]
[BlackElo "2157"]
[BlackTitle "FM"]
[WhiteClock "0:24:03"]
[BlackClock "0:33:40"]
[Variant "Standard"]
[EndDate "2026.08.02"]
[EndTime "16:49:15"]

1. e4 e6 2. d4 d5 3. Nc3 Nf6 4. e5 Nfd7 5. f4 c5 6. Nf3 Nc6 7. Be3 h6 8. h4 Be7 9. g3 O-O 10. Qd2 f6 11. exf6 Nxf6 12. O-O-O c4 13. Bh3 Bb4 14. Qe1 Qa5 15. a3 Bxc3 16. Qxc3 Qxc3 17. bxc3 Ne4 18. g4 Nxc3 19. Rde1 Bd7 20. g5 h5 21. g6 Rf6 22. Rhg1 Ne7 23. Ne5 Be8 24. Rg2 Ne4 25. Reg1 Nf5 26. Bxf5 exf5 27. Bd2 c3 28. Be1 Ra6 29. Kb1 Rxa3 30. Nd3 Rd8 31. Nc1 Rd6 32. Nb3 a5 33. Re2 Ba4 34. Rxe4 dxe4 35. Bxc3 Be8 36. Kb2 Ra4 37. Nc5 Rc4 38. Kb3 Bb5 39. Ra1 a4+ 40. Kb2 b6 41. Nb3 Rxg6 0-1

[Event "Irish Championship 2026"]
[Site "Talbot Hotel Stillorgan, Co.Dublin, IE"]
[Date "2026.08.02"]
[Round "2"]
[White "Dash, Shaurya"]
[Black "Woods, Yannick"]
[Result "0-1"]
[Board "70"]
[TimeControl "40/5400+30:1800+30"]
[WhiteFideId "2534789"]
[BlackFideId "2518384"]
[WhiteElo "1751"]
[BlackElo "2118"]
[WhiteClock "0:04:48"]
[BlackClock "0:47:09"]
[Variant "Standard"]
[EndDate "2026.08.02"]
[EndTime "16:28:47"]

1. d4 Nf6 2. c4 e6 3. Nc3 Bb4 4. Qc2 c5 5. e3 cxd4 6. exd4 Nc6 7. Nf3 d5 8. Bd2 O-O 9. a3 Be7 10. cxd5 Nxd5 11. Nxd5 Qxd5 12. Bc4 Nxd4 13. Nxd4 Qxd4 14. O-O Bd7 15. Rfd1 Bc6 16. Qb3 Bc5 17. Qg3 Qxc4 18. Bh6 g6 19. Rac1 Qe2 20. Qc3 0-1

[Event "Irish Championship 2026"]
[Site "Talbot Hotel Stillorgan, Co.Dublin, IE"]
[Date "2026.08.02"]
[Round "2"]
[White "Barnes, Oliver"]
[Black "Fox, Anthony"]
[Result "1-0"]
[Board "71"]
[TimeControl "40/5400+30:1800+30"]
[WhiteFideId "2517604"]
[BlackFideId "2500736"]
[WhiteElo "2107"]
[BlackElo "1876"]
[WhiteClock "0:02:10"]
[BlackClock "0:02:37"]
[Variant "Standard"]
[EndDate "2026.08.02"]
[EndTime "17:48:40"]

1. Nf3 d5 2. e3 Nf6 3. c4 e6 4. Nc3 Be7 5. b3 O-O 6. Bb2 b6 7. cxd5 exd5 8. d4 Be6 9. Bd3 h6 10. Ne5 Nfd7 11. f4 Nxe5 12. dxe5 f5 13. Qf3 c6 14. O-O-O Nd7 15. Bc2 a5 16. Ne2 Nc5 17. Nd4 Qd7 18. Qh5 Kh7 19. Nxe6 Qxe6 20. g4 Ne4 21. gxf5 Rxf5 22. Qf3 g6 23. Bxe4 dxe4 24. Qxe4 Rff8 25. h4 h5 26. Bc3 Rad8 27. Rxd8 Rxd8 28. Qc2 Qg4 29. Bd4 c5 30. Bc3 Bxh4 31. Qe4 Be7 32. e6 Qf5 33. Qxf5 gxf5 34. Rxh5+ Kg6 35. Rh3 Rd6 36. Rg3+ Kh6 37. e4 Rxe6 38. exf5 Rc6 39. Rh3+ 1-0

[Event "Irish Championship 2026"]
[Site "Talbot Hotel Stillorgan, Co.Dublin, IE"]
[Date "2026.08.02"]
[Round "2"]
[White "Field, Lila Quinn"]
[Black "Daly, Colm"]
[Result "0-1"]
[Board "73"]
[TimeControl "40/5400+30:1800+30"]
[WhiteFideId "30941334"]
[BlackFideId "2500434"]
[WhiteElo "1898"]
[BlackElo "2182"]
[BlackTitle "FM"]
[WhiteClock "0:04:24"]
[BlackClock "0:11:37"]
[Variant "Standard"]
[EndDate "2026.08.02"]
[EndTime "18:59:14"]

1. d4 e6 2. Nc3 Bb4 3. e4 d5 4. e5 Ne7 5. a3 Bxc3+ 6. bxc3 Qd7 7. Bd3 b6 8. Nf3 Ba6 9. Bxa6 Nxa6 10. Qd3 Qa4 11. O-O h6 12. Nh4 g5 13. Nf3 c5 14. h3 Rc8 15. Bd2 c4 16. Qe2 Qxc2 17. Ne1 Qg6 18. f4 Nf5 19. Kh2 gxf4 20. Bxf4 h5 21. g3 Nb8 22. Nf3 Nc6 23. Rg1 Kd7 24. Nh4 Qh7 25. Bg5 Rhg8 26. Bf6 Nxh4 27. Bxh4 Na5 28. Raf1 Rcf8 29. Rf3 Nb3 30. Rgf1 Ke8 31. Qe3 Qc2+ 32. R1f2 Qc1 33. Qxc1 Nxc1 34. Bf6 Rg6 35. h4 Nb3 36. Bg5 Na5 37. Kh3 Nc6 38. Rf6 Rxf6 39. Rxf6 Rh8 40. Rh6 Rxh6 41. Bxh6 f5 42. exf6 e5 43. Be3 exd4 44. cxd4 Kf7 45. g4 Kxf6 46. gxh5 Kf5 47. h6 Kg6 48. h5+ Kh7 49. Kg4 b5 50. Kf3 a5 51. Ke2 b4 52. axb4 axb4 53. Kd2 Ne7 54. Kc1 Nf5 55. Bg5 Nxd4 56. Kb1 Ne6 57. Bd2 c3 58. Bc1 b3 59. Ba3 Kxh6 60. Bb4 d4 61. Kc1 Kxh5 62. Kb1 Kg4 63. Ka1 Kf3 64. Kb1 Ke2 65. Ka1 Kd1 66. Ba3 Kc2 67. Bc1 Nc5 68. Be3 b2+ 69. Ka2 b1=B+ 0-1